 Dungeon Crawl Stone Soup version 0.30-a0-782-ge64f9170bb (webtiles) character file.

Game seed: 824554383789470465

112 Leeroy the Insei (level 4, -2/28 HPs)
             Began as an Octopode Transmuter on Feb 22, 2023.
             Was a Follower of Wu Jian.
             Slain by an orc
             ... wielding a +0 trident
              (7 damage)
             ... on level 3 of the Dungeon.
             The game lasted 00:02:01 (1922 turns).

Leeroy the Insei (Octopode Transmuter)              Turns: 1922, Time: 00:02:01

Health: -2/28      AC:  1    Str:  9    XL:     4   Next: 93%
Magic:  7/7        EV: 13    Int: 17    God:    Wu Jian [*.....]
Gold:   94         SH:  0    Dex: 12    Spells: 3/7 levels left

rFire   . . .      SeeInvis .      - Unarmed
rCold   . . .      Faith    .    (no shield)
rNeg    + + .      Spirit   .    (helmet restricted)
rPois   .          Reflect  .    (no amulet)
rElec   .          Harm     .    d - ring of positive energy
rCorr   .          Rampage  .    g - ring of positive energy
Will    .....                    (no ring)
Stlth   ++                       (no ring)
HPRegen 0.24/turn                (no ring)
MPRegen 0.10/turn                (no ring)
                                 (no ring)
                                 (no ring)

@: no status effects
A: almost no armour, amphibious, 8 rings, camouflage 1, gelatinous body 1,
(nimble swimmer 1), tentacles
a: Renounce Religion


You were on level 3 of the Dungeon.
You worshipped Wu Jian.
Wu Jian was aware of your devotion.
You visited 1 branch of the dungeon, and saw 3 of its levels.

You collected 94 gold pieces.

Inventory:

Jewellery
 d - a ring of positive energy (left tentacle)
 g - a ring of positive energy (right tentacle)
Scrolls
 b - 4 scrolls of poison {unknown}
 f - 4 scrolls of identify {unknown}
 h - a scroll of butterflies {unknown}
 j - a scroll of enchant armour {unknown}
 k - a scroll of teleportation {unknown}
 l - a scroll of fear {unknown}
Potions
 a - a potion of lignification
 c - 2 potions of invisibility {unknown}
 e - 2 potions of heal wounds {unknown}
 i - a potion of magic {unknown}


   Skills:
 - Level 1.0 Fighting
 - Level 2.0 Dodging
 + Level 5.4 Unarmed Combat
 - Level 2.0 Spellcasting
 - Level 2.0 Transmutations


You had 3 spell levels left.
You knew the following spells:

 Your Spells              Type           Power      Damage    Failure   Level
a - Beastly Appendage     Tmut           16%        N/A       9%          1
b - Spider Form           Tmut/Pois      5%         N/A       36%         3

Your spell library contained the following spells:

 Spells                   Type           Power      Damage    Failure   Level
 Wereblood                Tmut           8%         N/A       13%         2
 Ice Form                 Ice/Tmut       5%         N/A       77%         4


Dungeon Overview and Level Annotations

Branches:
Dungeon (3/15)

Altars:
Uskayaw
Wu Jian

Annotations:
D:3 1 runed translucent door, derval's ghost, amateur OpSu


Innate Abilities, Weirdness & Mutations

You cannot wear most types of armour.
You are amphibious.
You can wear up to eight rings at the same time.
Your skin changes colour to match your surroundings (Stealth+).
Your rubbery body absorbs attacks. (AC +1, EV +1)
((You are camouflaged when in or above water. (Stealth+)))
You have tentacles for arms and can constrict up to eight enemies at once.


Message History

The orc hits you with a +0 hand axe.
You release your grip on the orc.
The orc attacks as you move away! The orc completely misses you.
The orc attacks as you move away! The orc misses you.
You tentacle-slap the orc. Your grab misses the orc.
The orc is almost dead.
The orc hits you with a +0 flail.
* * * LOW HITPOINT WARNING * * *
The orc attacks as you move away! The orc hits you but does no damage.
You tentacle-slap the orc.
You kill the orc!
The Council accepts your kill.
You tentacle-slap the orc but do no damage.
You grab the orc.
You constrict the orc, but do no damage.
The orc barely misses you.
You tentacle-slap the orc but do no damage.
You tentacle-slap the orc, but do no damage.
You constrict the orc, but do no damage.
You release your grip on the orc.
The orc attacks as you move away! The orc misses you.
You tentacle-slap the orc. You grab the orc.
The orc is severely wounded.
You constrict the orc, but do no damage.
The orc hits you with a +0 hand axe.
* * * LOW HITPOINT WARNING * * *
The orc hits you from afar with a +0 trident.
* * * LOW HITPOINT WARNING * * *
You tentacle-slap the orc.
The orc is almost dead.
You constrict the orc, but do no damage.
The orc barely misses you.
The orc hits you from afar with a +0 trident.
* * * LOW HITPOINT WARNING * * *
You tentacle-slap the orc but do no damage.
The orc is almost dead.
You constrict the orc, but do no damage.
The orc barely misses you.
The orc hits you from afar with a +0 trident!
You die...

... #.## ...#
#..# #..# .# #..#
..# #########
#).# ..#
#.......######..#
..#
#.#####..@oo....#
#.#
#.##...#######.##
..# #........#
#.# # ####...#.#
#.# # #...#.# #.#
# #...#†# #.# #
#...#.# #.# #
#####.#####.#
#### ##.......#


You could see 2 orcs.

Vanquished Creatures
  A gnoll (D:1)
  3 adders
  3 dart slugs
  2 orcs (D:3)
  5 endoplasms
  5 giant cockroaches
  8 goblins
  4 hobgoblins
  4 jackals (D:2)
  5 kobolds
  5 quokkas
  3 ball pythons
  4 bats
  A frilled lizard (D:1)
  4 rats
57 creatures vanquished.

Notes
Turn   | Place    | Note
-------+----------+-------------------------------------------
     0 | D:1      | Leeroy the Octopode Transmuter began the quest for the Orb.
     0 | D:1      | Reached XP level 1. HP: 13/13 MP: 3/3
    80 | D:1      | Reached XP level 2. HP: 11/18 MP: 5/5
   351 | D:1      | Reached skill level 4 in Unarmed Combat
   351 | D:1      | Reached XP level 3. HP: 23/23 MP: 4/6
   852 | D:2      | Learned a level 3 spell: Spider Form
   996 | D:2      | Found an ornate altar of the Wu Jian Council.
  1007 | D:2      | Became a worshipper of the Wu Jian Council
  1020 | D:2      | Reached XP level 4. HP: 28/28 MP: 5/7
  1184 | D:2      | Reached skill level 5 in Unarmed Combat
  1642 | D:3      | Found a faded altar of an unknown god.
  1654 | D:3      | Reached * piety under Wu Jian
  1727 | D:3      | Found a runed translucent door.
  1728 | D:3      | Noticed derval's ghost (amateur OpSu)
  1742 | D:3      | Noticed a +0 short sword
  1742 | D:3      | Noticed a +0 short sword
  1743 | D:3      | Noticed a +0 spear
  1743 | D:3      | Noticed a +0 falchion
  1743 | D:3      | Noticed a +0 falchion
  1743 | D:3      | Noticed a +0 spear
  1743 | D:3      | Noticed a +0 dagger
  1744 | D:3      | Noticed a +0 dagger
  1745 | D:3      | Found a hide-covered altar of Uskayaw.
  1922 | D:3      | Slain by an orc

Illustrated notes

Levels and vault maps discovered:
D:1:      dpeg_arrival_arbitrary_c, layout_rooms, nrook_mini_vaults,
          roderic_lattice_a
D:2:      layout_basic, basic_altar
D:3:      layout_basic, nicolae_uskayaw_en_pointe,
          hellmonk_ghost_happy_afterlife, ebering_ecumenical_altar_rust,
          nrook_campfire

Skill      XL: |  1  2  3  4 |
---------------+-------------+-----
Unarmed Combat | 4 5 |  5.4
Fighting       | |  1.0
Dodging        | |  2.0
Spellcasting   | |  2.0
Transmutations | |  2.0

Action                     |  1- 3 |  4- 6 || total
---------------------------+-------+-------++-------
  Melee: Unarmed           |    63 |    61 ||   124
         Tentacles         |    15 |    13 ||    28
         Constrict         |    14 |    17 ||    31
         Kick              |     8 |     5 ||    13
         Punch             |       |     4 ||     4
   Cast: Beastly Appendage |    10 |     4 ||    14
Ability: Lunge             |       |     4 ||     4
   Stab: Sleeping          |     4 |       ||     4
 Armour: Skin              |     8 |     1 ||     9
  Dodge: Dodged            |    38 |    22 ||    60

Table legend: (Time is in decaauts)
 A = Elapsed time spent in this place.
 B = Non-inter-level travel time spent in this place.
 C = Inter-level travel time spent in this place.
 D = Time resting spent in this place.
 E = Time spent auto-exploring this place.
 F = Levels seen in this place.
 G = Mean time per level.
                   A        B        C        D        E       F      G
               +--------+--------+--------+--------+--------+-----+--------+
         Total |   1911 |   1866 |     45 |      0 |   1528 |   3 |  637.0 |
       Dungeon |   1911 |   1866 |     45 |      0 |   1528 |   3 |  637.0 |
               +--------+--------+--------+--------+--------+-----+--------+

Top non-repeatable levels by time:
     D:1: 786 daAuts
     D:2: 657 daAuts
     D:3: 467 daAuts
